 Dungeon Crawl Stone Soup version 0.22-a0-848-ge9e22a0 (webtiles) character file.

873 Amnesiac the Digger (level 7, -1/46 HPs)
             Began as a Mummy Earth Elementalist on July 27, 2018.
             Killed by triggering an arrow trap (14 damage)
             ... in an ossuary.
             The game lasted 00:08:08 (2548 turns).

Amnesiac the Digger (Mummy Earth Elementalist)      Turns: 2548, Time: 00:08:09

Health: -1/46      AC:  4    Str: 12    XL:     7   Next: 74%
Magic:  0/16       EV: 12    Int: 16    God:
Gold:   138        SH:  0    Dex: 12    Spells: 6/18 levels left

rFire    x . .     SeeInvis .   b - staff of wizardry
rCold    + . .     Gourm    .   (no shield)
rNeg     + + +     Faith    .   c - +1 robe
rPois    ∞         Spirit   +   (no helmet)
rElec    .         Reflect  .   e - scarf {Spirit}
rCorr    .         Harm     .   p - +0 pair of gloves
MR       .....                  (no boots)
Stlth    ++........             (no amulet)
HPRegen  0.15/turn              (no ring)
MPRegen  0.15/turn              (no ring)

@: no status effects
A: no food or potions, fire vulnerability, cold resistance 1, negative energy
resistance 3, torment resistance, unbreathing
a: no special abilities


You were in an ossuary.
You were not hungry.

You visited 1 branch of the dungeon, and saw 5 of its levels.
You also visited: Ossuary.

You collected 138 gold pieces.

Inventory:

Hand Weapons
 a - a +0 hunting sling
 q - a +0 spear
Armour
 c - a +1 robe (worn)
 e - a scarf of spirit shield (worn)
 p - a +0 pair of gloves (worn)
Magical Staves
 b - an uncursed staff of wizardry (weapon)
Wands
 i - a wand of flame (12)
Scrolls
 d - 2 scrolls of enchant armour {!r}
 f - 4 scrolls of identify {!r}
 g - a scroll of noise {!r}
 j - a scroll of amnesia {!r, unknown}
 k - 2 scrolls of immolation {!r, unknown}
 m - 2 scrolls of fear {!r, unknown}
 n - a scroll of blinking {!r, unknown}
 o - a scroll of fog {!r, unknown}
 r - a scroll of teleportation {!r, unknown}
 s - a scroll of remove curse {!r, unknown}
 t - a scroll of magic mapping {!r, unknown}
Miscellaneous
 l - a phial of floods


   Skills:
 - Level 1.5 Dodging
 - Level 1.5 Stealth
 + Level 6.4 Spellcasting
 - Level 0.7 Transmutations
 * Level 6.6 Earth Magic


You had 6 spell levels left.
You knew the following spells:

 Your Spells              Type           Power        Failure   Level  Hunger
a - Sandblast             Erth           ####..       1%          1    N/A
b - Passwall              Tmut/Erth      ###.....     1%          2    N/A
c - Call Imp              Summ           #.......     9%          2    N/A
d - Lee's Rapid Deconstr  Erth           ####......   10%         5    N/A
v - Blink                 Tloc           N/A          9%          2    N/A

Your spell library contained the following spells:

 Spells                   Type           Power        Failure   Level  Hunger
 Magic Dart               Conj           #...         5%          1    N/A
 Conjure Flame            Conj/Fire      #.......     16%         3    N/A
 Slow                     Hex            #.......     9%          2    N/A
 Mephitic Cloud           Conj/Pois/Air  #.......     16%         3    N/A
 Stone Arrow              Conj/Erth      ###...       4%          3    N/A
 Petrify                  Tmut/Erth      ###.....     12%         4    N/A

Dungeon Overview and Level Annotations

Branches:
Dungeon (5/15)
 Temple: D:4-7

Altars:
Cheibriados
Dithmenos
Beogh

Shops:
D:4 (

Annotations:
D:5 3 runed doors, KristoblXynda's ghost, novice OgBe


Innate Abilities, Weirdness & Mutations

You do not eat or drink.
Your flesh is vulnerable to fire.
You are immune to poison.
Your flesh is cold resistant. (rC+)
You are immune to negative energy. (rN+++)
You are immune to unholy pain and torment.
You can survive without breathing.


Message History

You don't have enough magic to cast that spell.
You hit the scorpion zombie but do no damage.
The scorpion zombie is lightly damaged.
The scorpion zombie barely misses you.
You hit the scorpion zombie but do no damage.
The scorpion zombie is lightly damaged.
The scorpion zombie closely misses you.
Casting: Sandblast (safe; 1% risk of failure)
Confirm with . or Enter, or press ? or * to list all spells.
Aiming: Sandblast (safe; 1% risk of failure)
Press: ? - help, Shift-Dir - straight line, f/p - scorpion zombie
Aim: a scorpion zombie (lightly damaged)
The blast of sand hits the scorpion zombie.
The scorpion zombie is lightly damaged.
h - a stone The scorpion zombie barely misses you.
You barely miss the scorpion zombie.
The scorpion zombie is lightly damaged.
The scorpion zombie misses you.
You hit the scorpion zombie.
The scorpion zombie is moderately damaged.
The scorpion zombie closely misses you.
Casting: Sandblast (safe; 1% risk of failure)
Confirm with . or Enter, or press ? or * to list all spells.
You don't have enough magic to cast that spell.
You hit the scorpion zombie.
The scorpion zombie is moderately damaged.
The scorpion zombie hits you but does no damage.
You barely miss the scorpion zombie.
The scorpion zombie is moderately damaged.
The scorpion zombie barely misses you.
Casting: Sandblast (safe; 1% risk of failure)
Confirm with . or Enter, or press ? or * to list all spells.
Aiming: Sandblast (safe; 1% risk of failure)
Press: ? - help, Shift-Dir - straight line, f/p - scorpion zombie
Aim: a scorpion zombie (moderately damaged)
The blast of sand hits the scorpion zombie.
The scorpion zombie is severely damaged.
You now have no stones remaining.
The scorpion zombie hits you.
* * * LOW HITPOINT WARNING * * *
You hit the scorpion zombie.
The scorpion zombie is severely damaged.
The scorpion zombie hits you.
* * * LOW HITPOINT WARNING * * *
You hit the scorpion zombie.
The scorpion zombie is severely damaged.
You hit the scorpion zombie.
The scorpion zombie is almost destroyed.
The scorpion zombie misses you.
You hit the scorpion zombie.
The scorpion zombie is almost destroyed.
The scorpion zombie hits you.
* * * LOW HITPOINT WARNING * * *
You barely miss the scorpion zombie.
The scorpion zombie is almost destroyed.
The scorpion zombie hits you!
* * * LOW HITPOINT WARNING * * *
You hit the scorpion zombie but do no damage.
The scorpion zombie is almost destroyed.
The scorpion zombie misses you.
A gnoll zombie comes into view.
There is an open door here.
An arrow shoots out and hits you!
You die...

+...8... .. #.s.....
##'###8...8#########
#?Z!#.......#...#...
#?.?# .8...#...8...
#?!?# #...#.......
##########†###8...8#
#...#...#.†.#.......
#.^@'Z.ZZ..^#...8...
#...#...#...#...#...
##'###########'#####
#.....#.....#.^.#...
#.....#.....'...#...
#.....8.....#...#...
#...........######8.
#...........#...#...
###8.....8###...#...


You could see 2 scorpion zombies, a gnoll zombie and a kobold zombie.

Vanquished Creatures
  A centaur (D:5)
  5 scorpions
  5 centaur zombies
  A crimson imp (D:5)
  3 human zombies (Ossuary)
  2 orc wizards (D:5)
  2 big kobold zombies (Ossuary)
  A hound skeleton (D:5)
  2 mummies
  A scorpion zombie (Ossuary)
  2 adders
  3 shadow imps
  2 leopard geckos
  5 orcs
  3 bats
  2 giant cockroaches
  6 jackals
  A quokka (D:5)
  4 frilled lizards
  2 gnoll zombies (Ossuary)
  3 goblins (D:3)
  4 goblin zombies (Ossuary)
  A hobgoblin zombie (Ossuary)
  3 kobolds
  3 orc zombies
  A quokka skeleton (D:4)
  A quokka zombie (D:5)
  A rat (D:1)
70 creatures vanquished.

Vanquished Creatures (collateral kills)
  An ogre (D:5)
1 creature vanquished.

Grand Total: 71 creatures vanquished

Notes
Turn   | Place    | Note
-------+----------+-------------------------------------------
     0 | D:1      | Amnesiac the Mummy Earth Elementalist began the quest for the Orb.
     0 | D:1      | Reached XP level 1. HP: 13/13 MP: 4/4
   159 | D:2      | Reached XP level 2. HP: 7/19 MP: 0/5
   301 | D:2      | Learned a level 2 spell: Passwall
   304 | D:2      | Learned a level 2 spell: Blink
   482 | D:2      | Found a shadowy altar of Dithmenos.
   484 | D:2      | Noticed an ogre
   971 | D:3      | Reached XP level 3. HP: 21/24 MP: 7/7
   975 | D:3      | Learned a level 2 spell: Call Imp
  1081 | D:4      | Found Roleroef's Antique Weapon Shoppe.
  1081 | D:4      | Found a snail-covered altar of Cheibriados.
  1206 | D:5      | Entered Level 5 of the Dungeon
  1333 | D:5      | Reached XP level 4. HP: 16/30 MP: 0/10
  1417 | D:5      | Noticed a centaur
  1425 | D:5      | Killed a centaur
  1425 | D:5      | Reached XP level 5. HP: 11/35 MP: 2/11
  1429 | D:5      | Noticed an ogre
  1434 | D:5      | Killed an ogre
  1571 | D:5      | Found a runed gate.
  1571 | D:5      | Noticed an orc warrior
  1571 | D:5      | Found a runed gate.
  1571 | D:5      | Found a runed gate.
  1589 | D:5      | Noticed KristoblXynda's ghost (novice OgBe)
  1591 | D:5      | Found a roughly hewn altar of Beogh.
  1688 | D:5      | Reached skill level 5 in Earth Magic
  1688 | D:5      | Reached XP level 6. HP: 40/41 MP: 4/13
  1695 | D:5      | Learned a level 5 spell: Lee's Rapid Deconstruction
  1748 | D:5      | Reached skill level 5 in Spellcasting
  1757 | D:5      | Found a sand-covered staircase.
  1770 | Ossuary  | Entered an ossuary
  2067 | Ossuary  | Reached XP level 7. HP: 26/46 MP: 11/15
  2548 | Ossuary  | Killed by triggering an arrow trap

Vault maps used:
D:1:      minmay_arrival_up_and_down, st_stairs_6
D:2:      nicolae_dithmenos_through_a_glass_darkly, lemuel_crystal_altar,
          minmay_randomly_rotated_circles
D:3:      makhleb_heckhound_becter, first_ration, corexii_shack,
          minmay_close_crescents
D:4:      serial_shops, nicolae_shop_trees, gammafunk_ghost_icy,
          cheibriados_altar_1
D:5:      nicolae_ossuary_entry_giza, biasface_ghost_orc_armoury,
          minmay_checkerbox
Ossuary:  ossuary_minmay_scorpions

Skill      XL: |  1  2  3  4  5  6  7 |
---------------+----------------------+-----
Earth Magic    | 3 4 5 6 |  6.6
Spellcasting   | 3 4 5 6 |  6.4
Dodging        | |  1.5
Stealth        | |  1.5
Transmutations | |  0.7

Action                   |  1- 3 |  4- 6 |  7- 9 || total
-------------------------+-------+-------+-------++-------
Melee: Dagger            |    26 |       |       ||    26
       Spear             |    46 |       |       ||    46
       Staff             |       |       |    28 ||    28
 Fire: Hunting sling     |    39 |    92 |       ||   131
 Cast: Sandblast         |    23 |    37 |    31 ||    91
       Passwall          |     1 |     3 |       ||     4
       Lee's Rapid Decon |       |       |     5 ||     5
Evoke: Wand              |       |    12 |       ||    12
       Phial of floods   |       |     1 |       ||     1
  Use: Scroll            |     2 |       |       ||     2
 Stab: Sleeping          |     1 |       |       ||     1
Armor: Robe              |    31 |    15 |     7 ||    53
Dodge: Dodged            |    99 |    50 |    31 ||   180

Table legend:
 A = Spawn XP
 B = Non-spawn XP
 C = Spawn XP percentage of total XP
 D = Spawn monster count
 E = Non-spawn monster count
 F = Spawn count percentage of total count
 G = Total turns spent on level
                    A         B        C        D         E        F      G
               +---------+---------+-------+---------+---------+-------+---------
         Total |       0 |    1248 |   0.0 |       0 |      71 |   0.0 |  2548
               +---------+---------+-------+---------+---------+-------+---------
           D:1 |       0 |      12 |   0.0 |       0 |       8 |   0.0 |   420
           D:2 |       0 |      18 |   0.0 |       0 |       4 |   0.0 |   327
           D:3 |       0 |      24 |   0.0 |       0 |      12 |   0.0 |   331
           D:4 |       0 |      36 |   0.0 |       0 |       6 |   0.0 |   269
           D:5 |       0 |     482 |   0.0 |       0 |      17 |   0.0 |   423
       Ossuary |       0 |     676 |   0.0 |       0 |      24 |   0.0 |   778
               +---------+---------+-------+---------+---------+-------+---------
